 Dungeon Crawl Stone Soup version 0.32-a0-120-gfac0567ad4 (webtiles) character file.

Game seed: 11007264518206065225

1 zenocrate the Sneak (level 1, 0/14 HPs)
             Began as a Kobold Delver on Feb 6, 2024.
             Killed by divine providence
             ... invoked by an orc priest
              (11 damage)
             ... on level 4 of the Dungeon.
             The game lasted 00:00:14 (71 turns).

zenocrate the Sneak (Kobold Delver)                   Turns: 71, Time: 00:00:15

Health: 0/14       AC:  3    Str:  9    XL:     1   Next: 22%
Magic:  1/1        EV: 14    Int: 11    God:
Gold:   21         SH:  0    Dex: 16    Spells: 0/0 levels left

rFire   . . .        a - +0 short sword
rCold   . . .        (no shield)
rNeg    . . .        b - +0 leather armour
rPois   .            (no helmet)
rElec   .            (no cloak)
rCorr   .            (no gloves)
SInv    .            (no boots)
Will    .....        (no amulet)
Stlth   ++++         (no ring)
HPRegen 0.22/turn    (no ring)
MPRegen 0.07/turn

%: no passive effects
@: no status effects
A: small, no large weapons, nightstalker 3
a: no special abilities


You were on level 4 of the Dungeon.
You visited 1 branch of the dungeon, and saw 2 of its levels.

You collected 21 gold pieces.

Inventory:

Hand Weapons
 a - a +0 short sword (weapon)
Armour
 b - a +0 leather armour (worn)
Wands
 g - a wand of digging (3)
Scrolls
 c - a scroll of fog
 d - a scroll of revelation
 e - a scroll of fear
Potions
 f - a potion of haste


   Skills:
 - Level 3.2 Fighting
 + Level 2.7 Short Blades
 + Level 2.4 Dodging
 + Level 6.6 Stealth


You couldn't memorise any spells.
You didn't know any spells.
Your spell library was empty.

Dungeon Overview and Level Annotations

Branches:
Dungeon (5/15)
 Temple: D:4-7

Altars:

Shops:
D:5 (


Innate Abilities, Weirdness & Mutations

You are small and have problems with some larger weapons.
You are completely attuned to the shadows.


Message History

You closely miss the quokka.
The quokka is moderately wounded.
The quokka barely misses you.
You hit the quokka.
You kill the quokka!
You see here a quokka corpse.
No target in view!
Key pressed, stopping explore.
No target in view!
HP restored.
Found a stone staircase leading up.
You now have 10 gold pieces.
No target in view!
No target in view!
There is a stone staircase leading up here.
You climb upwards.
Found 11 gold pieces.
Found a stone staircase leading down.
There is a stone staircase leading down here.
Found a stone staircase leading down.
No target in view!
You now have 21 gold pieces (gained 11).
An orc priest comes into view. It is wielding a +0 club.
An orc wizard comes into view. It is wielding a +0 dagger.
The orc wizard shouts!
You hear a shout!
The orc wizard mumbles some strange words.
The orc wizard flickers and vanishes!
Deactivating autopickup; reactivate with Ctrl-A.
You see here a sedimented ruby potion.
You hear some strange, mumbled words.
Something tries to affect you, but you resist.
An orc comes into view. It is wielding a +0 mace.
An orc is nearby!
Found a leather armour.
Found a scroll labelled ZOTE RADOIDYDU.
Found a stone staircase leading up.
Something hits you.
You hit something but do no damage. Something hits you.
The orc priest calls down the wrath of Beogh upon you.
Beogh smites you!
Ouch! That really hurt!
You die...

.< ... ?.[###
.....### ...
...#@..##.o..
#.###.##.....
#.#..>o..o..##
#>....#.#....##
###....##.#..!..#
.......#..#....##
.......#.......#
...............#
......>..#.....#


You could see an orc priest.

Vanquished Creatures
  A quokka (D:5)
1 creature vanquished.

Notes
Turn   | Place    | Note
-------+----------+-------------------------------------------
     0 | D:5      | zenocrate the Kobold Delver began the quest for the Orb.
     0 | D:5      | Reached XP level 1. HP: 14/14 MP: 1/1
     0 | D:5      | Found Akeud's Antique Weapon Shoppe.
    58 | D:4      | Noticed an orc priest
    59 | D:4      | Noticed an orc wizard
    71 | D:4      | Killed from afar by an orc priest

Illustrated notes

Levels and vault maps discovered:
D:4:      layout_cave_pools
D:5:      layout_rooms, nemelex_dance_club_becter, serial_shops,
          nicolae_shop_overgrown_old_shop, minmay_misc_feat_diagonals,
          chequers_garden, uniq_pikel

Action                     || total
---------------------------++-------
  Melee: Short sword       ||     5
 Armour: Leather armour    ||     4
  Dodge: Dodged            ||     2

Table legend: (Time is in decaauts)
 A = Elapsed time spent in this place.
 B = Non-inter-level travel time spent in this place.
 C = Inter-level travel time spent in this place.
 D = Time resting spent in this place.
 E = Time spent auto-exploring this place.
 F = Levels seen in this place.
 G = Mean time per level.
                   A        B        C        D        E       F      G
               +--------+--------+--------+--------+--------+-----+--------+
         Total |     70 |     70 |      0 |      0 |     40 |   2 |   35.0 |
       Dungeon |     70 |     70 |      0 |      0 |     40 |   2 |   35.0 |
               +--------+--------+--------+--------+--------+-----+--------+

Top non-repeatable levels by time:
     D:5: 44 daAuts
     D:4: 25 daAuts
